Map: Echo LE (Void)

Players

RageStorm - Winner!

  • Race: Zerg Zerg
  • League: Diamond
  • Spawn Location: 11:00

Fropez

  • Race: Protoss Protoss
  • League: Gold
  • Spawn Location: 5:00

VOD

Have the link to the VOD?

Description

Time

  • Played on: Dec. 4, 2016, 6:40 p.m.
  • Length: 14:22
Show
View Real Time Build Order
Export as new Build Order

RageStorm Zerg - Winner!

Build Orders: Pool First 

Get SALT Encoding   

  12  0:08  Drone x2  
  14  0:14  Extractor  
  14  0:17  Extractor  
  14  0:18  Drone  
  13  0:23  Drone  
  16  0:39  Spawning Pool  
  15  0:45  Extractor  
  14  0:50  Extractor, Drone  
  14  0:52  Overlord  
  15  1:13  Evolution Chamber  
  15  1:14  Drone x2  
  15  1:15  Drone  
  17  1:48  Zergling x2  
  17  1:49  Zergling x4  
  20  1:56  Baneling Nest  
  20  2:00  Queen  
  21  2:02  Overlord  
  21  2:19  Zergling x2  
  22  2:36  Pneumatized Carapace  
  22  3:02  Metabolic Boost  
  22  3:03  Extractor  
  22  3:04  Zergling x2  
  22  3:05  Zergling x4  
  24  3:21  Drone x4  
  28  3:29  Drone  
  29  3:37  Zerg Melee Weapons Level 1  
  29  3:42  Drone  
  27  3:57  Zergling x2  
  27  3:58  Zergling x4  
  30  4:06  Baneling x4  
  30  4:07  Baneling x2  
  29  4:12  Zergling x2  
  30  4:27  Hatchery  
  29  4:39  Hatchery  
  27  4:55  Zergling x4  
  27  5:02  Zergling x2  
  27  5:03  Zergling x4  
  29  5:45  Overlord x2  
  29  5:48  Zerg Ground Armor Level 1  
  28  5:56  Overlord x3  
  26  5:57  Drone x2  
  27  6:18  Zergling x10  
  31  6:22  Zergling x4  
  30  6:28  Zergling x2  
  31  6:34  Drone x2  
  33  6:41  Zergling x4  
  33  6:46  Drone x2  
  37  6:51  Spore Crawler x2  
  35  6:54  Drone  
  35  6:55  Spore Crawler, Drone  
  36  7:03  Drone x2  
  36  7:19  Zergling x6  
  36  7:20  Zergling x4  
  38  7:36  Zergling x2  
  39  7:37  Zergling x8  
  38  7:48  Drone x4  
  42  8:00  Drone x2  
  42  8:01  Evolution Chamber  
  43  8:18  Spore Crawler  
  42  8:31  Drone x7  
  42  8:32  Drone x2  
  51  8:43  Zerg Missile Weapons Level 1  
  51  8:47  Roach Warren  
  51  8:48  Drone x3  
  53  8:59  Drone x3  
  53  9:00  Drone  
  57  9:03  Extractor  
  57  9:05  Extractor  
  57  9:06  Drone x2  
  57  9:07  Drone x3  
  60  9:13  Queen  
  62  9:17  Queen  
  62  9:23  Baneling  
  64  9:24  Baneling x8  
  64  9:25  Baneling  
  64  9:27  Zergling x2  
  65  9:47  Overlord x6  
  65  9:48  Overlord  
  65  9:50  Drone  
  66  9:59  Extractor  
  65  10:00  Extractor  
  65  10:04  Roach  
  56  10:29  Overlord x2  
  56  10:40  Roach x8  
  56  10:41  Roach x8  
  56  10:42  Roach  
  90  10:47  Zergling x2  
  90  10:54  Zergling x4  
  90  10:55  Zergling x4  
  94  11:00  Zergling x4  
  86  11:13  Zergling x2  
  86  11:14  Zergling x8  
  86  11:20  Spore Crawler  
  86  11:22  Spore Crawler  
  82  11:28  Zergling x4  
  82  11:29  Zergling x2  
  82  11:30  Roach x2  
  82  11:31  Roach x5  
  95  11:38  Zergling x4  
  97  11:47  Zergling x2  
  96  11:48  Roach  
  96  11:58  Drone x2  
  98  12:10  Drone  
  98  12:11  Drone x2  
  98  12:13  Drone  
  98  12:14  Drone  
  103  12:32  Spore Crawler  
  103  12:33  Spore Crawler  
  101  12:37  Spore Crawler  
  100  12:45  Ravager x5  
  100  12:46  Ravager  
  69  13:37  Zergling x26  
  69  13:38  Zergling x34  
  85  13:52  Zergling x10  
  85  13:53  Zergling x2  
Show
View Real Time Build Order
Export as new Build Order

Fropez Protoss 

Build Orders:  

Get SALT Encoding   

  12  0:01  Probe (Chrono Boost)  
  13  0:14  Pylon  
  13  0:20  Probe (Chrono Boost)  
  14  0:31  Probe (Chrono Boost)  
  14  0:35  Gateway  
  15  0:41  Probe (Chrono Boost)  
  16  0:46  Assimilator  
  16  0:52  Probe (Chrono Boost)  
  17  1:14  Probe (Chrono Boost)  
  18  1:21  Pylon  
  18  1:26  Cybernetics Core  
  18  1:29  Pylon  
  18  1:34  Pylon  
  17  1:48  Assimilator  
  17  1:58  Pylon  
  17  2:21  Mothership Core (Chrono Boost)  
  17  2:22  Gateway  
  19  2:23  Gateway  
  19  2:31  Stalker  
  20  3:04  Nexus  
  20  3:07  Pylon  
  20  3:18  Adept (Chrono Boost)  
  22  3:24  Warp Gate (Chrono Boost)  
  22  3:40  Adept (Chrono Boost)  
  24  3:48  Probe  
  25  4:01  Probe  
  26  4:10  Stargate  
  26  4:15  Probe x2  
  28  4:29  Probe  
  28  4:30  Probe  
  30  4:42  Adept x2  
  33  5:05  Probe  
  33  5:06  Probe  
  32  5:46  Adept x2  
  36  5:54  Probe  
  36  5:55  Probe  
  38  6:02  Phoenix  
  40  6:11  Adept x2  
  40  6:25  Probe  
  37  6:26  Probe  
  39  6:38  Gateway  
  39  6:39  Gateway  
  39  6:41  Probe  
  40  6:55  Adept x2  
  40  6:57  Probe  
  40  6:58  Probe  
  46  7:03  Assimilator  
  46  7:04  Phoenix  
  45  7:22  Adept x2  
  47  7:44  Phoenix  
  49  7:58  Forge  
  49  8:01  Probe  
  50  8:11  Pylon  
  49  8:15  Probe  
  49  8:17  Probe  
  51  8:23  Pylon  
  51  8:29  Probe  
  51  8:33  Pylon  
  52  8:35  Pylon  
  52  8:50  Photon Cannon  
  52  8:55  Photon Cannon  
  52  8:59  Pylon  
  52  9:00  Assimilator, Protoss Ground Weapons Level 1 (Chrono Boost)  
  52  9:02  Adept  
  54  9:18  Void Ray (Chrono Boost)  
  58  9:28  Adept  
  58  9:29  Adept  
  62  9:36  Probe x2  
  64  9:44  Adept  
  66  10:05  Robotics Facility  
  66  10:15  Stalker x2  
  66  10:16  Stalker  
  54  11:48  Void Ray (Chrono Boost)  
  54  11:50  Stalker x3  
  54  11:52  Observer  
  55  12:12  Stalker  
  57  12:23  Pylon  
  57  12:41  Void Ray (Chrono Boost)  
  61  12:48  Stalker  
  61  12:49  Stalker x2  
  67  12:58  Immortal  
  43  13:55  Probe  
  40  13:56  Probe  
  42  14:05  Probe  
  42  14:08  Probe  
Tags
 
Matchup
PvZ
Opening
Pool First
Replay Pack
All Mines
Spawn Locations
Cross Positions
Add a new tag
Caveats
  • Supply blocks, unpowered buildings, or Contaminate may cause inaccurate times.
  • Supply counts are checked every 10 seconds.